 Dungeon Crawl Stone Soup version 0.29.0-4-gdea44cf6ec (webtiles) character file.

Game seed: 5033972035367227043

16 qw the Caller (level 2, 0/23 HPs)
             Began as a Ghoul Summoner on Sept 10, 2022.
             Slain by a jackal (3 damage)
             ... on level 1 of the Dungeon.
             The game lasted 00:00:29 (1026 turns).

qw the Caller (Ghoul Summoner)                      Turns: 1026, Time: 00:00:29

Health: 0/23       AC:  2    Str: 11    XL:     2   Next: 58%
Magic:  0/3        EV: 12    Int: 10    God:
Gold:   19         SH:  0    Dex:  9    Spells: 3/4 levels left

rFire   . . .      SeeInvis .   g - +0 short sword
rCold   + . .      Faith    .   (no shield)
rNeg    + + +      Spirit   .   a - +0 robe
rPois   inf        Reflect  .   (no helmet)
rElec   .          Harm     .   (no cloak)
rCorr   .          Rampage  .   (no gloves)
Will    .....                   (no boots)
Stlth   ++........              (no amulet)
HPRegen 0.00/turn               (no ring)
MPRegen 0.08/turn               (no ring)

@: inhibited regen
A: claws 1, cold resistance 1, negative energy resistance 3, inhibited
regeneration, torment resistance 2, devour on kill
a: no special abilities


You were on level 1 of the Dungeon.
You visited 1 branch of the dungeon, and saw 1 of its levels.

You collected 19 gold pieces.


Innate Abilities, Weirdness & Mutations

You are immune to poison.
You have sharp fingernails.
Your flesh is cold resistant. (rC+)
You are immune to negative energy. (rN+++)
You do not regenerate when monsters are visible.
You are immune to unholy pain and torment.
You thrive by killing the living.


   Skills:
 - Level 1.0 Fighting
 + Level 1.5 Axes
 - Level 1.7 Dodging
 - Level 2.1 Stealth
 - Level 1.7 Spellcasting
 - Level 3.6 Summonings


You had 3 spell levels left.
You knew the following spells:

 Your Spells              Type           Power      Damage    Failure   Level
a - Summon Small Mammal   Summ           32%        N/A       8%          1

Your spell library contained the following spells:

 Spells                   Type           Power      Damage    Failure   Level
 Call Imp                 Summ           8%         N/A       11%         2
 Call Canine Familiar     Summ           8%         N/A       22%         3
 Summon Guardian Golem    Hex/Summ       4%         N/A       43%         3
 Summon Lightning Spire   Summ/Air       4%         N/A       83%         4

Inventory:

Hand Weapons
 g - a +0 short sword (weapon)
Armour
 a - a +0 robe (worn)
 d - a +0 ring mail
 f - a scarf of invisibility
Scrolls
 e - a scroll of teleportation {unknown}
Potions
 b - a potion of magic
 c - a potion of haste {unknown}

Dungeon Overview and Level Annotations

Branches:
Dungeon (1/15)

Altars:


Message History

The jackal barely misses you.
You hit the jackal but do no damage.
The jackal is moderately wounded.
The jackal barely misses you. The jackal bites you.
You hit the jackal but do no damage. Your claw misses the jackal.
The jackal is moderately wounded.
The jackal bites you.
You hit the jackal but do no damage.
The jackal is moderately wounded.
The jackal barely misses you.
The jackal bites you but does no damage.
You barely miss the jackal.
The jackal is moderately wounded.
The jackal closely misses you.
You hit the jackal.
The jackal is severely wounded.
The jackal bites you. The jackal barely misses you.
You hit the jackal but do no damage.
The jackal is severely wounded.
The jackal completely misses you.
You closely miss the jackal.
The jackal is severely wounded.
The jackal bites you but does no damage.
The jackal bites you.
The jackal pauses to sniff the ground.
You closely miss the jackal.
The jackal is severely wounded.
The jackal barely misses you.
You hit the jackal but do no damage.
The jackal is severely wounded.
The jackal misses you. The jackal barely misses you.
You barely miss the jackal.
The jackal is severely wounded.
The jackal misses you.
1026 ||| CASTING Summon Small Mammal
Casting: Summon Small Mammal (safe; 8% risk of failure)
Confirm with . or Enter, or press ? or * to list all spells.
Nothing appears to happen.
The jackal bites you.
You die...

#############
#...hhh@rb..#
..^.#######.# # ##
#.######### ..
#..........
#.##.##.##########.#
#........# ## #.#
###...#..####.# #.#
#.#.#......[# ###.#
#. #........###.##.#


You could see 3 jackals, a friendly bat (summoned) and a friendly rat
(summoned).

Vanquished Creatures
  A giant cockroach (D:1)
  2 goblins (D:1)
  A jackal (D:1)
  A kobold (D:1)
  A quokka (D:1)
  3 bats (D:1)
9 creatures vanquished.

Vanquished Creatures (collateral kills)
  An endoplasm (D:1)
  A giant cockroach (D:1)
  2 ball pythons (D:1)
  A frilled lizard (D:1)
5 creatures vanquished.

Grand Total: 14 creatures vanquished

Notes
Turn   | Place    | Note
-------+----------+-------------------------------------------
     0 | D:1      | qw the Ghoul Summoner began the quest for the Orb.
     0 | D:1      | Reached XP level 1. HP: 14/14 MP: 2/2
     0 | D:1      | 0 ||| qw: Version: 0.1-a-116-g5d60599
     0 | D:1      | 0 ||| qw: Game counter: 7675
     0 | D:1      | 0 ||| qw: Always use a shield: true
     0 | D:1      | 0 ||| qw: God list: Okawaru
     0 | D:1      | 0 ||| qw: Allow faded altars: false
     0 | D:1      | 0 ||| qw: Do Orc after D:15 true
     0 | D:1      | 0 ||| qw: Do second Lair branch before Depths: true
     0 | D:1      | 0 ||| qw: Lair rune preference: random
     0 | D:1      | 0 ||| qw: Plans: Normal
     0 | D:1      | 0 ||| PLANNING D:1-11
    33 | D:1      | 33 ||| CASTING Summon Small Mammal
    34 | D:1      | 34 ||| CASTING Summon Small Mammal
    46 | D:1      | 46 ||| CASTING Summon Small Mammal
    93 | D:1      | 93 ||| Wielding weapon +0 dagger.
   105 | D:1      | 105 ||| CASTING Summon Small Mammal
   106 | D:1      | 106 ||| CASTING Summon Small Mammal
   117 | D:1      | 117 ||| CASTING Summon Small Mammal
   145 | D:1      | 145 ||| SWAPPING to +0 club.
   146 | D:1      | 146 ||| DROPPING +0 dagger.
   269 | D:1      | 269 ||| SWAPPING to +0 short sword.
   270 | D:1      | 270 ||| DROPPING +0 club.
   278 | D:1      | 278 ||| CASTING Summon Small Mammal
   279 | D:1      | 279 ||| CASTING Summon Small Mammal
   284 | D:1      | Reached skill level 1 in Axes
   332 | D:1      | 332 ||| CASTING Summon Small Mammal
   333 | D:1      | 333 ||| CASTING Summon Small Mammal
   345 | D:1      | 345 ||| CASTING Summon Small Mammal
   414 | D:1      | 414 ||| CASTING Summon Small Mammal
   415 | D:1      | 415 ||| CASTING Summon Small Mammal
   427 | D:1      | 427 ||| CASTING Summon Small Mammal
   434 | D:1      | Reached XP level 2. HP: 19/22 MP: 0/3
   481 | D:1      | 481 ||| CASTING Summon Small Mammal
   482 | D:1      | 482 ||| CASTING Summon Small Mammal
   483 | D:1      | 483 ||| CASTING Summon Small Mammal
   494 | D:1      | 494 ||| CASTING Summon Small Mammal
   497 | D:1      | Reached skill level 1 in Fighting
   566 | D:1      | 566 ||| CASTING Summon Small Mammal
   567 | D:1      | 567 ||| CASTING Summon Small Mammal
   568 | D:1      | 568 ||| CASTING Summon Small Mammal
   578 | D:1      | 578 ||| CASTING Summon Small Mammal
   731 | D:1      | 731 ||| CASTING Summon Small Mammal
   732 | D:1      | 732 ||| CASTING Summon Small Mammal
   733 | D:1      | 733 ||| CASTING Summon Small Mammal
   795 | D:1      | 795 ||| CASTING Summon Small Mammal
   796 | D:1      | 796 ||| CASTING Summon Small Mammal
   797 | D:1      | 797 ||| CASTING Summon Small Mammal
   837 | D:1      | 837 ||| CASTING Summon Small Mammal
   838 | D:1      | 838 ||| CASTING Summon Small Mammal
   839 | D:1      | 839 ||| CASTING Summon Small Mammal
   878 | D:1      | 878 ||| CASTING Summon Small Mammal
   879 | D:1      | 879 ||| CASTING Summon Small Mammal
   880 | D:1      | 880 ||| CASTING Summon Small Mammal
   890 | D:1      | 890 ||| CASTING Summon Small Mammal
   937 | D:1      | 937 ||| CASTING Summon Small Mammal
   938 | D:1      | 938 ||| CASTING Summon Small Mammal
   939 | D:1      | 939 ||| CASTING Summon Small Mammal
   979 | D:1      | 979 ||| CASTING Summon Small Mammal
   980 | D:1      | 980 ||| CASTING Summon Small Mammal
   981 | D:1      | 981 ||| CASTING Summon Small Mammal
   992 | D:1      | 992 ||| CASTING Summon Small Mammal
  1003 | D:1      | 1003 ||| CASTING Summon Small Mammal
  1015 | D:1      | 1015 ||| CASTING Summon Small Mammal
  1022 | D:1      | HP: 3/23 [jackal (3)]
  1026 | D:1      | 1026 ||| CASTING Summon Small Mammal
  1026 | D:1      | Slain by a jackal

Levels and vault maps discovered:
D:1:      dpeg_arrival_water_temple_mockup, layout_loops_ring

Skill      XL: |  1  2 |
---------------+-------+-----
Axes           | 1 |  1.5
Fighting       | 1 |  1.0
Dodging        | |  1.7
Stealth        | |  2.1
Spellcasting   | |  1.7
Summonings     | |  3.6

Action                   || total
-------------------------++-------
Melee: Short sword       ||    66
       Dagger            ||     9
       Unarmed           ||     4
 Cast: Summon Small Mamm ||    40
 Stab: Distracted        ||     1
Armor: Robe              ||    27
Dodge: Dodged            ||    77

Table legend:
 A = Non-vault XP
 B = Vault XP
 C = Vault XP percentage of total XP
 D = Non-vault monster count
 E = Vault monster count
 F = Vault count percentage of total count
                 A         B        C        D         E       F
            +---------+---------+-------+---------+---------+-------
      Total |      24 |       0 |   0.0 |      14 |       0 |   0.0
            +---------+---------+-------+---------+---------+-------
        D:1 |      24 |       0 |   0.0 |      14 |       0 |   0.0
            +---------+---------+-------+---------+---------+-------
